 Dungeon Crawl Stone Soup version 0.32-a0-818-gb728d0252e (webtiles) character file.

Game seed: 14965839011458176996

2221 hikkokomori the Shooter (level 9, -7/69 HPs)
             Began as a Coglin Hunter on Mar 23, 2024.
             Was an Initiate of Okawaru.
             Mangled by a gnoll sergeant
             ... wielding a +0 spear
              (9 damage)
             ... on level 7 of the Dungeon.
             The game lasted 00:11:56 (4830 turns).

hikkokomori the Shooter (Coglin Hunter)             Turns: 4830, Time: 00:11:56

Health: -7/69      AC:  3    Str: 15    XL:     9   Next: 35%
Magic:  14/14      EV: 11    Int: 14    God:    Okawaru [......]
Gold:   326        SH:  0    Dex: 17    Spells: 12/15 levels left

rFire   . . .        a - +2 sling {Septimus}
rCold   . . .        d - +0 sling {Vicente}
rNeg    . . .        i - +0 leather armour "Quropew" {Str+4}
rPois   .            (no helmet)
rElec   .            (no cloak)
rCorr   .            (no gloves)
SInv    .            (no boots)
Will    .....        (amulet unavailable)
Stlth   ++           (ring unavailable)
HPRegen 0.31/turn    (ring unavailable)
MPRegen 0.14/turn    (no gizmo)

%: no passive effects
@: revved
A: off-hand wielding, slow wielding, warmup strikes, no jewellery
a: Invent Gizmo, Renounce Religion


You were on level 7 of the Dungeon.
You worshipped Okawaru.
Okawaru was noncommittal.
You visited 2 branches of the dungeon, and saw 8 of its levels.

You collected 326 gold pieces.

Inventory:

Hand Weapons
 a - a +2 sling (weapon) {Septimus}
 d - a +0 sling (offhand) {Vicente}
 g - a +0 dagger
Armour
 c - a +0 leather armour
 i - the +0 leather armour "Quropew" (worn) {Str+4}
   (You found it on level 3 of the Dungeon)

   Str+4:     It affects your strength (+4).
Scrolls
 e - a scroll of torment
 f - 2 scrolls of revelation
 j - 2 scrolls of teleportation
 l - a scroll of summoning
 m - a scroll of fear
 o - a scroll of noise
Potions
 h - a potion of invisibility
 k - a potion of curing
 n - a potion of attraction


   Skills:
 - Level 6.1 Fighting
 + Level 6.7 Ranged Weapons
 + Level 2.1 Armour
 - Level 1.7 Dodging
 - Level 2.0 Stealth
 + Level 3.5 Spellcasting
 - Level 4.0 Conjurations
 + Level 3.9 Earth Magic


You had 12 spell levels left.
You knew the following spells:

 Your Spells              Type           Power      Damage    Failure   Level
a - Stone Arrow           Conj/Erth      26%        3d8       14%         3

Your spell library contained the following spells:

 Spells                   Type           Power      Damage    Failure   Level
 Lehudib's Crystal Spear  Conj/Erth      6%         10d3      100%        8
 Animate Armour           Summ/Erth      Unusable   N/A       N/A         4

Dungeon Overview and Level Annotations

Branches:
Dungeon (7/15)             Temple (1/1) D:7

Altars:
Ashenzari
Cheibriados
Dithmenos
Elyvilon
Fedhas
Gozag
Hepliaklqana
Makhleb
Nemelex Xobeh
Okawaru
Ru
Vehumet
Wu Jian
Zin
The Shining One

Shops:
D:1 (   D:6 =

Annotations:
D:2 1 runed translucent door, Crazy Yiuf


Innate Abilities, Weirdness & Mutations

You can wield a second weapon in your off-hand.
It takes a long time for you to wield or remove held weapons.
Your first few attacks do less damage.
You cannot equip rings or amulets.


Message History

You shoot a sling bullet.
The sling bullet barely misses the gnoll.
The gnoll barely misses you.
The gnoll sergeant hits you from afar with a +0 spear.
The gnoll barely misses you.
You can't go up here!
You shoot a sling bullet. The sling bullet hits the gnoll.
The gnoll is almost dead.
You shoot a sling bullet. The sling bullet hits the gnoll.
You kill the gnoll!
Okawaru accepts your kill.
The gnoll hits you from afar with a +0 halberd of protection!
The gnoll sergeant hits you from afar with a +0 spear.
The gnoll closely misses you.
The gnoll sergeant hits you but does no damage.
Fire: a) +2 sling {Septimus}
Press: ? - help, Shift-Dir - straight line, f - gnoll sergeant
Aim: a gnoll sergeant, wielding a +0 spear and wearing a +0 ring mail (72% to hit)
You shoot a sling bullet.
The sling bullet hits the gnoll sergeant but does no damage.
You shoot a sling bullet.
The sling bullet hits the gnoll sergeant but does no damage.
The gnoll sergeant hits you from afar with a +0 spear.
The gnoll closely misses you.
Fire: a) +2 sling {Septimus}
Press: ? - help, Shift-Dir - straight line, f/p - gnoll sergeant
Aim: a gnoll sergeant, wielding a +0 spear and wearing a +0 ring mail (72% to hit)
You shoot a sling bullet.
The sling bullet hits the gnoll sergeant.
The gnoll sergeant is lightly wounded.
You shoot a sling bullet.
The sling bullet hits the gnoll sergeant.
The gnoll sergeant is moderately wounded.
The gnoll sergeant hits you from afar with a +0 spear!
* * * LOW HITPOINT WARNING * * *
The gnoll closely misses you.
The gnoll hits you from afar with a +0 halberd of protection!
* * * LOW HITPOINT WARNING * * *
The gnoll sergeant hits you from afar with a +0 spear!
You die...

,,,,,,,,,,,,,,,*,,,,,*,,,,,,,,,,,
,,,,,,,,,,,,,,,*,...,*,,,,,,,,,,,
,,,,,,,,,,,,,,,#,...,+,,,,,,,,,,,
,,,,,,,,,,,,,,,.,..*,,,,,,,,,****
,,,,,,,,......,.#.#**,,,*+****,,,
,,,,,,,,,.....##..#**,,,*,,,,,,,,
*+****+**#...##...#*,,,,*,,,,,,,,
.........#..##....##,,.,*,,,,,,,,
...(.....#..#*#.@.g#.g.,*,,,**,,,
$........#..###.).g.#,***,,,**,,,
+#########...#...##.....,,,,**,,,
###.............##**....,,,,,,,,,
..#.......##+.#..#***...,,,,,,,,,
..#.......#...##....*,..,,,,**,,,
_.#..<....+...#*.5...#,.,,,,*****
..#.......#....,.......,,,,,**,,,
..##......#....,.......,,,,,,,,,,


You could see a gnoll sergeant and a gnoll.

Vanquished Creatures
  Grinder (D:3)
  A wyvern (D:6)
  Menkaure (D:5)
  A black bear (D:6)
  A centaur (D:5)
  An ogre (D:4)
  2 phantoms
  2 bullfrogs
  5 scorpions
  2 hounds (D:5)
  A bombardier beetle (D:4)
  2 jellies (D:5)
  Jessica (D:2)
  2 sleepcaps (D:5)
  2 iguanas
  Robin (D:2)
  5 gnolls
  8 adders
  2 shadow imps
  A ribbon worm (D:4)
  4 dart slugs
  3 orcs
  9 ball pythons
  6 bats
  3 endoplasms
  4 giant cockroaches
  9 goblins
  19 hobgoblins
  7 jackals
  3 quokkas
  3 frilled lizards
  7 kobolds
  A rat (D:1)
120 creatures vanquished.

Vanquished Creatures (collateral kills)
  Eustachio (D:6)
  Edmund (D:6)
  Duvessa (D:5)
  Dowan (D:5)
  2 gnolls (D:5)
6 creatures vanquished.

Grand Total: 126 creatures vanquished

Notes
Turn   | Place    | Note
-------+----------+-------------------------------------------
     0 | D:1      | hikkokomori the Coglin Hunter began the quest for the Orb.
     0 | D:1      | Reached XP level 1. HP: 16/16 MP: 1/1
    64 | D:1      | Found Guutont's Weapon Boutique.
   256 | D:1      | Reached XP level 2. HP: 22/23 MP: 2/2
   597 | D:1      | Reached skill level 1 in Stealth
   887 | D:2      | Reached XP level 3. HP: 28/28 MP: 3/3
   940 | D:2      | Noticed Robin
   945 | D:2      | Killed Robin
   946 | D:2      | Reached XP level 4. HP: 35/35 MP: 4/4
  1132 | D:2      | Noticed Jessica
  1136 | D:2      | Killed Jessica
  1217 | D:2      | Found a runed translucent door.
  1218 | D:2      | Noticed Crazy Yiuf
  1293 | D:2      | Reached XP level 5. HP: 42/42 MP: 5/5
  1645 | D:3      | Identified the +0 leather armour "Quropew" {Str+4}
  1668 | D:3      | Found a burning altar of Makhleb.
  1668 | D:3      | Noticed Grinder
  1681 | D:3      | Killed Grinder
  1682 | D:3      | Reached skill level 5 in Ranged Weapons
  1682 | D:3      | Reached XP level 6. HP: 42/50 MP: 6/6
  1728 | D:3      | Learned a level 3 spell: Stone Arrow
  2183 | D:4      | Reached skill level 5 in Fighting
  2183 | D:4      | Reached XP level 7. HP: 48/56 MP: 6/8
  2320 | D:4      | Reached skill level 1 in Earth Magic
  2326 | D:4      | Reached skill level 1 in Spellcasting
  2326 | D:4      | Reached skill level 1 in Conjurations
  2828 | D:5      | Entered Level 5 of the Dungeon
  2937 | D:5      | Noticed Menkaure
  3053 | D:5      | Noticed Dowan
  3053 | D:5      | Noticed Duvessa
  3059 | D:5      | Killed Dowan
  3061 | D:5      | Killed Duvessa
  3062 | D:5      | Reached XP level 8. HP: 32/63 MP: 10/10
  3065 | D:5      | Killed Menkaure
  3624 | D:6      | Noticed Edmund
  3879 | D:6      | Found Fischo Necw's Jewellery Shoppe.
  3985 | D:6      | Killed Edmund
  3986 | D:6      | Reached skill level 1 in Armour
  3986 | D:6      | Reached XP level 9. HP: 29/69 MP: 13/13
  3996 | D:6      | Noticed Eustachio
  4003 | D:6      | Killed Eustachio
  4524 | D:7      | Found a sacrificial altar of Ru.
  4536 | D:7      | Found a staircase to the Ecumenical Temple.
  4545 | Temple   | Entered the Ecumenical Temple
  4568 | Temple   | Became a worshipper of Warmaster Okawaru
  4830 | D:7      | HP: 2/69 [gnoll/+0 halberd of protection[a gnoll sergeant]
                  | (9)]
  4830 | D:7      | Mangled by a gnoll sergeant

Illustrated notes

Levels and vault maps discovered:
D:1:      heliophobic_arrival_glass_houses, layout_basic, serial_shops, shop,
          fountainhead, columned_hall_lemuel
D:2:      layout_basic, dk_noncrumbling_2, grunt_decor_fettered,
          dreamdust_wishing_well, uniq_jessica, uniq_crazy_yiuf_cottage,
          uniq_robin
D:3:      layout_rooms, mainiacjoe_overflow_brackets, uniq_grinder
D:4:      layout_loops_ring
D:5:      layout_rooms, uniq_menkaure, uniq_duvessa
D:6:      layout_rooms, serial_shops,
          nicolae_shop_temple_entry_statues_fountains, uniq_eustachio,
          uniq_edmund
D:7:      layout_gridville, kennysheep_mini,
          mainiacjoe_overflow_surrounded_room, mainiacjoe_overflow_alcove_1,
          nicolae_overflow_hidden_temple, lemuel_tele_altar,
          minmay_temple_entry_wispy, enter_bailey_5
Temple:   oiseaux_autumnal_temple

Skill      XL: |  1  2  3  4  5  6  7  8  9 |
---------------+----------------------------+-----
Stealth        | 1 2 |  2.0
Ranged Weapons | 4 5 6 |  6.7
Fighting       | 3 4 5 6 |  6.1
Earth Magic    | 2 3 |  3.9
Spellcasting   | 1 3 |  3.5
Conjurations   | 2 3 4 |  4.0
Armour         | 1 2 |  2.1
Dodging        | |  1.7

Action                     |  1- 3 |  4- 6 |  7- 9 || total
---------------------------+-------+-------+-------++-------
   Fire: Sling             |   112 |   186 |   440 ||   738
   Cast: Stone Arrow       |       |       |     2 ||     2
    Use: Scroll            |     1 |     2 |    11 ||    14
         Potion            |       |       |     1 ||     1
 Armour: Leather armour    |    13 |     9 |    86 ||   108
  Dodge: Dodged            |    12 |     9 |    79 ||   100

Table legend: (Time is in decaauts)
 A = Elapsed time spent in this place.
 B = Non-inter-level travel time spent in this place.
 C = Inter-level travel time spent in this place.
 D = Time resting spent in this place.
 E = Time spent auto-exploring this place.
 F = Levels seen in this place.
 G = Mean time per level.
                   A        B        C        D        E       F      G
               +--------+--------+--------+--------+--------+-----+--------+
         Total |   4895 |   4790 |    105 |    693 |   3285 |   8 |  611.9 |
       Dungeon |   4619 |   4514 |    105 |    471 |   3285 |   7 |  659.9 |
        Temple |    276 |    276 |      0 |    222 |      0 |   1 |  276.0 |
               +--------+--------+--------+--------+--------+-----+--------+

Top non-repeatable levels by time:
     D:5: 909 daAuts
     D:1: 891 daAuts
     D:4: 814 daAuts
     D:2: 777 daAuts
     D:6: 702 daAuts
     D:3: 482 daAuts
  Temple: 276 daAuts
     D:7: 41 daAuts
